 Dungeon Crawl Stone Soup version 0.22-a0-274-gf8199ec (webtiles) character file.

9 CanOfBees the Ruffian (level 2, -3/25 (26) HPs)
             Began as a Ghoul Monk on Mar 13, 2018.
             Slain by a gnoll
             ... wielding a +0 spear
              (4 damage)
             ... on level 1 of the Dungeon.
             The game lasted 00:00:44 (237 turns).

CanOfBees the Ruffian (Ghoul Monk)                   Turns: 237, Time: 00:00:45

HP:   -3/25 (26)    AC:  3    Str: 14    XL:     2   Next: 12%
MP:   1/1           EV: 12    Int:  5    God:
Gold: 14            SH:  0    Dex: 11    Spells: 1/1 levels left

rFire    . . .     SeeInvis .     - Unarmed
rCold    + . .     Gourm    .   (no shield)
rNeg     + + +     Faith    .   d - +0 leather armour
rPois    ∞         Spirit   .   (no helmet)
rElec    .         Reflect  .   (no cloak)
rCorr    .         Harm     .   (no gloves)
MR       .....                  (no boots)
Stlth    ++........             (no amulet)
HPRegen  0.00/turn              (no ring)
MPRegen  0.07/turn              (no ring)

@: rotting
A: rotting body, claws 1, carnivore, cold resistance 1, negative energy
resistance 3, inhibited regeneration, torment resistance, unbreathing
a: no special abilities


You were on level 1 of the Dungeon.
You were not hungry.

You visited 1 branch of the dungeon, and saw 1 of its levels.

You collected 14 gold pieces.

Inventory:

Armour
 d - a +0 leather armour (worn)
Scrolls
 a - a scroll of teleportation {unknown}
 e - a scroll of random uselessness {unknown}
Potions
 c - a potion of curing {unknown}
 f - a potion of haste {unknown}
Comestibles
 b - 3 rations


   Skills:
 + Level 3.5 Fighting
 + Level 2.9 Dodging
 - Level 2.1 Stealth
 + Level 3.5 Unarmed Combat


You had one spell level left.
You didn't know any spells.

Dungeon Overview and Level Annotations

Branches:
Dungeon (1/15)

Altars:


Innate Abilities, Weirdness & Mutations

Your body is rotting away.
You thrive on raw meat.
You are immune to poison.
You have sharp fingernails.
You are carnivorous and can eat meat at any time.
Your flesh is cold resistant. (rC+)
You are immune to negative energy. (rN+++)
You do not regenerate when monsters are visible.
You are immune to unholy pain and torment.
You can survive without breathing.


Message History

The gnoll is lightly wounded.
The gnoll hits you with a spear.
* * * LOW HITPOINT WARNING * * *
You scratch the gnoll.
The gnoll is heavily wounded.
The gnoll closely misses you.
You barely miss the gnoll.
The gnoll is heavily wounded.
The gnoll closely misses you.
You scratch the gnoll.
The gnoll is severely wounded.
The gnoll hits you with a spear.
* * * LOW HITPOINT WARNING * * *
You scratch the gnoll.
The gnoll is almost dead.
The gnoll completely misses you.
You scratch the gnoll but do no damage.
The gnoll is almost dead.
The gnoll hits you with a spear.
You die...

..########...# .. ..#
#...# ..#..# #..(#
#.#..# ####.(.###
#####.#..# #.........
...#.#..#####......###
####.......).....)#.....
#......#.........÷...###
#..g@.............#
#...#..######..##.#
#...#.............##
.....#.#######......#
......>#.# ##.###.#
#.##(.##.# #.# #.## .
#.. #.# #.# #... #.. #.#
#.# #### ..# #.#


You could see a gnoll.

Vanquished Creatures
  2 leopard geckos (D:1)
  A goblin (D:1)
  A hobgoblin (D:1)
  A kobold (D:1)
  A frilled lizard (D:1)
6 creatures vanquished.

Notes
Turn   | Place    | Note
-------+----------+-------------------------------------------
     0 | D:1      | CanOfBees the Ghoul Monk began the quest for the Orb.
     0 | D:1      | Reached XP level 1. HP: 19/19 MP: 0/0
   176 | D:1      | Reached XP level 2. HP: 12/26 MP: 1/1
   235 | D:1      | HP: 1/25 [gnoll/spear (4)]
   237 | D:1      | Slain by a gnoll

Vault maps used:
D:1:      enne_arrival_octagon_isle

Action                   || total
-------------------------++-------
Melee: Unarmed           ||    37
  Eat: Chunk             ||     3
Armor: Leather armour    ||     3
Dodge: Dodged            ||    18

Table legend:
 A = Spawn XP
 B = Non-spawn XP
 C = Spawn XP percentage of total XP
 D = Spawn monster count
 E = Non-spawn monster count
 F = Spawn count percentage of total count
 G = Total turns spent on level
                    A         B        C        D         E        F      G
               +---------+---------+-------+---------+---------+-------+---------
         Total |       0 |      13 |   0.0 |       0 |       6 |   0.0 |   237
               +---------+---------+-------+---------+---------+-------+---------
           D:1 |       0 |      13 |   0.0 |       0 |       6 |   0.0 |   237
               +---------+---------+-------+---------+---------+-------+---------
